[Event "44th Chess Olympiad Open 2022"]
[Site "Chennai"]
[Date "2022.08.08"]
[Round "10.5"]
[White "Warmerdam, Max"]
[Black "Perunovic, Milos"]
[Result "1-0"]
[ECO "A31"]
[WhiteElo "2610"]
[BlackElo "2539"]
[Annotator "TA"]
[PlyCount "79"]
[EventDate "2022.07.29"]
[EventType "team-tourn"]
[EventCountry "IND"]
[SourceTitle "playchess.com"]
[Source "ChessBase"]
[SourceQuality "1"]
[WhiteTeam "Netherlands"]
[BlackTeam "Serbia"]
[WhiteTeamCountry "NED"]
[BlackTeamCountry "SRB"]
[TimeControl "40/5400+30:1800+30"]

1. c4 c5 2. Nf3 Nc6 3. Nc3 Nf6 4. d4 cxd4 5. Nxd4 Qb6 6. e3 g6 {[%emt 0:03:51] A31: Symmetrical English: 2 Nf3 Nf6 3 d4.} 7. Be2 Bg7 8. O-O O-O {[%emt 0:00:11] White is slightly better.} 9. a3 $5 {[%emt 0:08:13][%mdl 4] [#] Leaves trodden paths.} Qd8 $146 ({Predecessor:} 9... d6 10. b4 Bd7 11. Bb2 Rfc8 12. c5 dxc5 13. Na4 Qc7 14. Nb5 Qb8 15. Nxc5 Be8 {0-1 (78) Meskovs,N (2565)-Alekseev,E (2623) Tallinn 2020}) 10. Qb3 b6 11. Rd1 {[%emt 0:05:14] Black must now prevent Nxc6.} Bb7 12. Qa2 Nxd4 13. exd4 d5 14. Bf3 Qd7 15. c5 ({Better is} 15. cxd5 $11 Rfd8 16. Be3) 15... Ne4 (15... bxc5 $15 16. dxc5 Rfd8) 16. Bxe4 $11 dxe4 17. Be3 e6 (17... bxc5 $11 18. dxc5 Qc6) 18. Rac1 Rfd8 19. b4 Qe7 20. Qc4 Bd5 21. Nxd5 Rxd5 22. a4 Rad8 23. c6 Qc7 24. g3 h6 25. Qc2 f5 26. b5 (26. h4 $1 $16) 26... g5 $1 27. Bd2 Bxd4 28. Bc3 {[%emt 0:00:28] Hoping for Bxd4.} Bc5 29. Qe2 Qf7 {[%emt 0:00:00] Prevents Qh5.} 30. Kh1 Kh7 31. Be5 Qe7 32. Qh5 Qe8 $2 (32... Rxe5 $2 33. Rxd8 Qxd8 34. Qf7+ Kh8 35. c7 $18) (32... Bxf2 33. c7 Rxd1+ 34. Rxd1 Rxd1+ 35. Qxd1 Qxc7 36. Bxc7 $18) (32... e3 $11 {and Black is okay.} 33. f4 g4) 33. Qxe8 $18 Rxe8 {[%emt 0:00:00] [#]} 34. Rxd5 (34. c7 $142 $1 {Threatens to win with Rxd5.} h5 (34... Bxf2 35. Rxd5) 35. a5) 34... exd5 {[%emt 0:00:00] [#]} 35. Rxc5 $1 bxc5 {[%emt 0:00:00] KR-KB} 36. a5 d4 (36... Rxe5 $2 37. b6 axb6 38. axb6 $18) 37. b6 $2 e3 $4 {[%emt 0:01:00][%mdl 8192] [#]} ({Don't play} 37... Rxe5 38. b7 e3 39. b8=Q $18) (37... d3 $19 38. Bc3 f4) 38. fxe3 $1 {[%emt 0:00:09] White is clearly winning.} dxe3 {[%emt 0:00:28] [#]} (38... axb6 39. axb6) 39. b7 $1 {[%emt 0:00:37] White threatens Bc3 and mate.} e2 (39... Rxe5 40. b8=Q) 40. Bc3 {[%emt 0:00:03] Weighted Error Value: White=0.39/Black=0.37} 1-0

[Event "44th Chess Olympiad Open 2022"]
[Site "Chennai"]
[Date "2022.08.08"]
[Round "10.6"]
[White "Anton Guijarro, David"]
[Black "Michalik, Peter"]
[Result "1/2-1/2"]
[ECO "D04"]
[WhiteElo "2667"]
[BlackElo "2559"]
[Annotator "TA"]
[PlyCount "61"]
[EventDate "2022.07.29"]
[EventType "team-tourn"]
[EventCountry "IND"]
[SourceTitle "playchess.com"]
[Source "ChessBase"]
[SourceQuality "1"]
[WhiteTeam "Spain"]
[BlackTeam "Czech Republic"]
[WhiteTeamCountry "ESP"]
[BlackTeamCountry "CZE"]
[TimeControl "40/5400+30:1800+30"]

1. d4 Nf6 2. Nf3 d5 3. e3 c5 4. Bb5+ Bd7 5. Be2 Nc6 6. O-O {[%emt 0:00:22] D04: Colle System.} e6 7. b3 Bd6 8. Bb2 O-O {[%emt 0:01:45] [#]} 9. a3 $146 ({Predecessor:} 9. Nbd2 Qe7 10. dxc5 Bxc5 11. c4 Ba3 12. Qc1 Bxb2 13. Qxb2 Rfd8 14. a3 e5 15. cxd5 Nxd5 {½-½ (43) Artemiev,V (2731)-So,W (2760) Bucharest 2019}) 9... Re8 10. dxc5 Bxc5 11. b4 Bf8 12. c4 dxc4 13. Bxc4 a6 14. Nbd2 h6 15. Rc1 Qe7 16. Nb3 Red8 17. Qe2 e5 {[%emt 0:08:42] [#] And now ...b5 would win.} 18. e4 (18. Nc5 {is interesting.} Bg4 19. h3 Bh5 20. g4) 18... Be6 19. Nc5 Bxc4 20. Rxc4 a5 21. b5 Nd4 22. Nxd4 ({Much worse is} 22. Bxd4 exd4 23. a4 Rac8 $15) 22... exd4 23. e5 $1 $36 {[%emt 0:03:19][%mdl 2048] White is pushing.} Nd5 {[%emt 0:07:25] aiming for ...Rac8.} ({But not} 23... b6 24. Nd3 $16) 24. Nd3 $1 ({Much weaker is} 24. Bxd4 Nb6 25. Nxb7 Qxb7 26. Bxb6 Qxb6 $17) 24... Rac8 25. Rxd4 Nc3 {[%emt 0:00:21] Inhibits Rd1.} 26. Bxc3 Rxc3 27. Rxd8 Qxd8 28. Nf4 Rxa3 (28... Bxa3 $11 29. e6 Qe8) 29. e6 (29. g3 $14 {should be considered.}) 29... Qf6 $11 30. g3 {[%emt 0:01:01] Black must now prevent Rc1.} fxe6 31. Nxe6 {[%emt 0:01:04] Weighted Error Value: White=0.06 (flawless) /Black=0.09 (flawless)} 1/2-1/2

[Event "44th Chess Olympiad Open 2022"]
[Site "Chennai"]
[Date "2022.08.08"]
[Round "10.6"]
[White "Zwardon, Vojtech"]
[Black "Santos Latasa, Jaime"]
[Result "0-1"]
[ECO "A17"]
[WhiteElo "2503"]
[BlackElo "2675"]
[Annotator "TA"]
[PlyCount "120"]
[EventDate "2022.07.29"]
[EventType "team-tourn"]
[EventCountry "IND"]
[SourceTitle "playchess.com"]
[Source "ChessBase"]
[SourceQuality "1"]
[WhiteTeam "Czech Republic"]
[BlackTeam "Spain"]
[WhiteTeamCountry "CZE"]
[BlackTeamCountry "ESP"]
[TimeControl "40/5400+30:1800+30"]

1. c4 e6 2. Nf3 d5 3. e3 Nf6 4. Nc3 Bd6 5. b3 O-O 6. Bb2 {[%emt 0:00:07] A17: English Opening: 1...Nf6 with ...Bb4.} Re8 $1 {[%emt 0:00:02][%mdl 4] is more profitable than 6...c6 at the moment.} 7. Rc1 a6 8. d4 {[%emt 0:07:14] The position is equal.} b6 {[%emt 0:00:34] [#]} 9. c5 $146 ({Predecessor:} 9. g3 Bb7 10. cxd5 Nxd5 11. Nxd5 Bxd5 12. Bg2 Bb4+ 13. Bc3 Ba3 14. Ra1 a5 15. O-O {0-1 (30) Olivier,P (2215)-Anton Guijarro,D (2651) Struga 2021}) 9... bxc5 10. dxc5 Bf8 11. Be2 a5 12. O-O Ba6 13. Na4 c6 14. Qc2 Nbd7 (14... Nfd7 {looks sharper.} 15. Ne5 Nxe5 16. Bxe5 Nd7) 15. Bxa6 Rxa6 16. Ne5 Nxe5 17. Bxe5 Nd7 18. Bb2 Ra8 19. e4 Rb8 20. Rfd1 Be7 21. exd5 exd5 22. Re1 Qc7 23. Qe2 h6 24. g3 Qa7 (24... Bf6 {is interesting.} 25. Qxe8+ Rxe8 26. Rxe8+ Kh7) 25. Bd4 Bf6 26. Qxe8+ (26. Qd3 $11) 26... Rxe8 $17 27. Rxe8+ Kh7 28. Bxf6 Nxf6 29. Ree1 Qd7 {[%emt 0:01:36][%mdl 1024] Black has strong compensation.} 30. Nc3 {[%emt 0:03:18] [#]} (30. f3 $17 {is a better defense.}) 30... Qf5 $1 $19 {[%emt 0:00:36] ...d4 is the strong threat.} 31. Ne2 (31. Rf1 $17 {was necessary.}) 31... Ne4 32. Rf1 (32. Nf4 $142) 32... Nd2 33. Rfd1 Nf3+ 34. Kg2 Qe4 {[%emt 0:01:41] Against Nd4. ( -> ...Nh4+)} 35. Ng1 ({Don't go for} 35. Nf4 $2 Nd4+ 36. Kg1 g5 $19) (35. Nc3 $142 Nh4+ 36. Kf1 (36. Kh3 {gets mated.} Qf5+ 37. g4 Qf3+ 38. Kxh4 g5+ 39. Kh5 Qh3#) 36... Qh1+ 37. Ke2 Qf3+ 38. Kf1) 35... Ne5+ 36. f3 {[%emt 0:00:22] [#]} Nxf3 {[%emt 0:00:55][%mdl 576] Deflection, Decoy} 37. Nxf3 {[%emt 0:00:07] aiming for Kf2.} Qe2+ {[%emt 0:00:04][%mdl 64] Deflection, Double Attack} 38. Kh3 {[%emt 0:01:02] And now Nd4 would win.} Qxf3 {[%emt 0:00:17][%mdl 4096] Endgame KQ-KRR} 39. Rf1 Qh5+ 40. Kg2 Qe2+ 41. Rf2 Qe4+ 42. Kg1 f6 ({Better is} 42... h5 $19 43. Rcc2 h4) 43. Rcc2 $17 h5 44. h4 Kg6 45. Kh2 Qb4 46. Rf4 Qe1 47. Ra4 Qd1 48. Rg2 Qe1 (48... Qd3 $15 49. Rxa5 Qc3) 49. a3 $2 (49. Rc2 $1 $11) 49... Qd1 $19 50. Rxa5 Qxb3 {[%emt 0:00:00] Hoping for ...Qc3.} 51. Ra7 $2 (51. Ra8) 51... Qc3 52. a4 Qxc5 53. Ra8 (53. Ra6 {keeps fighting.}) 53... d4 54. a5 Qd6 {[%emt 0:03:28] Inhibits Rd8.} 55. a6 {[%emt 0:00:00] [#]} c5 $1 {[%emt 0:00:27] Strongly threatening ...Qc6.} 56. Rc8 {[%emt 0:03:53] Against Qc6} (56. a7 $142 Qa6 57. Rb2) 56... Qb6 {[%emt 0:01:35] Threatens to win with ...d3.} 57. Rc2 d3 58. Rd2 Qa5 59. Rg2 d2 60. Rg1 Qxa6 {[%emt 0:00:23] Weighted Error Value: White=0.50/Black=0.09 (flawless)} 0-1

[Event "44th Chess Olympiad Open 2022"]
[Site "Chennai"]
[Date "2022.08.08"]
[Round "10.7"]
[White "Volokitin, Andrei"]
[Black "Berkes, Ferenc"]
[Result "1/2-1/2"]
[ECO "B03"]
[WhiteElo "2674"]
[BlackElo "2649"]
[Annotator "TA"]
[PlyCount "64"]
[EventDate "2022.07.29"]
[EventType "team-tourn"]
[EventCountry "IND"]
[SourceTitle "playchess.com"]
[Source "ChessBase"]
[SourceQuality "1"]
[WhiteTeam "Ukraine"]
[BlackTeam "Hungary"]
[WhiteTeamCountry "UKR"]
[BlackTeamCountry "HUN"]
[TimeControl "40/5400+30:1800+30"]

1. e4 Nf6 2. e5 Nd5 3. d4 d6 4. c4 Nb6 5. exd6 exd6 6. Nc3 Nc6 7. Nf3 Be7 8. h3 O-O 9. Bd3 $1 {[%emt 0:00:39][%mdl 4] now scores much better than the old 9.Be2.} Re8 10. O-O Bf6 11. Be3 {[%emt 0:33:34] B03: Alekhine's Defence: Four Pawns Attack.} d5 12. c5 Nc4 13. Bxc4 {[%emt 0:02:27] White is slightly better.} dxc4 {[%emt 0:01:10] The position is equal.} 14. Qa4 Be6 15. Rad1 {[%emt 0:00:10] [#] Strongly threatening d5.} Ne7 {[%emt 0:10:21] [#] Against d5} 16. Nd2 $146 ({Predecessor:} 16. Ne5 c6 17. Rfe1 Nd5 18. Ne4 b5 19. Qa3 Qc7 20. Bd2 a5 21. Qg3 Be7 22. Bh6 {0-1 (68) Greig,S (2223)-Sarakenidis,N (2306) ICCF email 2016}) 16... c6 ({Don't take} 16... Bxd4 17. Nxc4 Bd7 18. Rxd4 $16) 17. Nxc4 {[%emt 0:06:47] Pair of Knights!} b5 18. cxb6 $1 axb6 19. Qb4 Nd5 20. Nxd5 Bxd5 21. a3 b5 22. Ne5 Bxe5 23. dxe5 Rxe5 24. Rfe1 h6 25. Bf4 Rxe1+ 26. Rxe1 Qf6 {[%emt 0:04:06] [#] ...Ra4 is the strong threat.} 27. Be5 Qg6 28. Qg4 Qxg4 29. hxg4 Re8 30. f3 f6 31. Bc3 Rxe1+ 32. Bxe1 Kf7 {[%emt 0:00:07] Weighted Error Value: White=0.02 (flawless) /Black=0.00 (flawless)} 1/2-1/2

[Event "44th Chess Olympiad Open 2022"]
[Site "Chennai"]
[Date "2022.08.08"]
[Round "10.7"]
[White "Onyshchuk, Volodymyr"]
[Black "Kantor, Gergely"]
[Result "1-0"]
[ECO "C82"]
[WhiteElo "2612"]
[BlackElo "2582"]
[Annotator "TA"]
[PlyCount "55"]
[EventDate "2022.07.29"]
[EventType "team-tourn"]
[EventCountry "IND"]
[SourceTitle "playchess.com"]
[Source "ChessBase"]
[SourceQuality "1"]
[WhiteTeam "Ukraine"]
[BlackTeam "Hungary"]
[WhiteTeamCountry "UKR"]
[BlackTeamCountry "HUN"]
[TimeControl "40/5400+30:1800+30"]

1. e4 {[%emt 0:00:04] ChessBase} e5 2. Nf3 Nc6 3. Bb5 a6 4. Ba4 Nf6 5. O-O Nxe4 6. d4 b5 7. Bb3 d5 8. dxe5 Be6 9. c3 Bc5 10. a4 {[%emt 0:14:21] aiming for axb5.} O-O {[%emt 0:09:58] C82: Open Ruy Lopez: 9 c3 without 9...Be7.} 11. axb5 axb5 12. Rxa8 Qxa8 {[%emt 0:00:16] The position is equal.} 13. Nbd2 ({Don't blunder} 13. Bxd5 $2 Nxf2 14. Rxf2 Rd8 $19) 13... Rd8 (13... Nxf2 $11 14. Rxf2 Qa7) 14. Qe2 {[%emt 0:06:15] [#]} Nxf2 $146 ({Predecessor:} 14... Nxd2 15. Bxd2 Be7 16. Bc2 Bg4 17. Bf4 b4 18. h3 Be6 19. Ng5 Bxg5 20. Bxg5 Rd7 {0-1 (49) Showalter,J-Albin,A New York 1893 HCL [ChessBase]}) 15. Rxf2 Qa1 16. Qe1 Bf5 {[%emt 0:15:42] [#] Inhibits Bc2.} 17. Nf1 $1 {[%emt 0:09:49] Threatens to win with Be3.} Bxf2+ 18. Kxf2 Be4 19. e6 {[%emt 0:15:59] exf7+ is the strong threat.} fxe6 20. Ng3 Na5 {[%emt 0:08:07] [#]} (20... Rf8 $14 21. Nxe4 dxe4) 21. Bc2 $1 $18 Bxc2 $2 {[%emt 0:01:08] This costs Black the game.} (21... Nc4 $16) 22. Qxe6+ Kh8 {[%emt 0:02:24] [#]} 23. Bh6 $1 {[%emt 0:00:09][%cal Oh6g7][%mdl 512] White wants to mate with Bxg7+!} Rg8 {[%emt 0:02:03] [#]} (23... Bg6 24. Bxg7+) 24. Bxg7+ $1 {[%emt 0:00:53][%mdl 576] Decoy. White mates.} Kxg7 (24... Rxg7 25. Qe8+) 25. Qe7+ Kh6 26. Qf6+ Rg6 27. Qf8+ Rg7 28. Qf4+ {[%emt 0:00:03] Weighted Error Value: White=0.05 (flawless) /Black=0.65} 1-0

[Event "44th Chess Olympiad Open 2022"]
[Site "Chennai"]
[Date "2022.08.08"]
[Round "10.7"]
[White "Banusz, Tamas"]
[Black "Shevchenko, Kirill"]
[Result "1/2-1/2"]
[ECO "A30"]
[WhiteElo "2611"]
[BlackElo "2654"]
[Annotator "TA"]
[PlyCount "120"]
[EventDate "2022.07.29"]
[EventType "team-tourn"]
[EventCountry "IND"]
[SourceTitle "playchess.com"]
[Source "ChessBase"]
[SourceQuality "1"]
[WhiteTeam "Hungary"]
[BlackTeam "Ukraine"]
[WhiteTeamCountry "HUN"]
[BlackTeamCountry "UKR"]
[TimeControl "40/5400+30:1800+30"]

1. Nf3 c5 2. c4 Nf6 3. Nc3 e6 4. g3 b6 5. Bg2 Bb7 6. O-O Be7 7. d4 cxd4 8. Qxd4 O-O 9. Rd1 d6 10. b3 Nbd7 11. e4 Nc5 {[%emt 0:12:25] A30: Symmetrical English: Double Fianchetto and Hedgehog.} 12. e5 dxe5 13. Qxe5 {[%emt 0:02:42] [#]} Ncd7 $146 ({Predecessor:} 13... Qc8 14. Bb2 a5 15. Nd4 a4 16. Rab1 axb3 17. axb3 h5 18. Qe2 h4 19. gxh4 Rd8 20. Bf3 Bf8 21. h3 Bxf3 22. Qxf3 e5 23. Nf5 Rxd1+ 24. Nxd1 e4 25. Nh6+ Kh7 26. Qf5+ {½-½ (26) Zielinski,S (2268)-Pascual Perez,N (2459) LSS email 2017}) 14. Qe2 a6 15. Ne5 Bxg2 16. Kxg2 Qc8 {[%emt 0:01:47] Inhibits Nc6.} 17. Nxd7 Nxd7 18. Bf4 Ra7 19. Rac1 {[%emt 0:04:25] Active counter play!} Qc6+ ({Much less strong is} 19... g5 20. Bd6 Qb7+ 21. Kg1 $16) 20. Qf3 Rc8 21. Qxc6 Rxc6 22. h4 h5 23. Rc2 Bb4 24. Ne4 e5 25. Bd2 Be7 26. Nc3 Bc5 27. Nd5 a5 28. Be3 f6 29. Rcd2 Kf8 {[%emt 0:03:08] Prevents Ne7.} 30. f4 e4 (30... g6 $14) 31. f5 $16 Ne5 32. Bxc5+ bxc5 33. Nf4 Rc8 34. Re2 a4 35. Nxh5 axb3 36. axb3 Rb8 37. Nf4 {[%emt 0:02:53] [#] Strongly threatening Ne6+.} Kf7 38. Ne6 (38. Rd5 {feels hotter.} Rxb3 39. Rxc5 Ng4 40. Rxe4 Raa3 41. Ne2) 38... Rxb3 (38... g6 $1 $11) 39. Nxc5 Rb4 40. Nxe4 Nxc4 41. Kh3 Rb8 42. Rc1 Ne5 43. Rec2 Kg8 44. Rc7 (44. Nc5 {is more complex.} Ra3 45. Rc3 Ra2 46. Nd3) 44... Rxc7 45. Rxc7 $14 {[%emt 0:00:01][%mdl 4096] Endgame KRN-KRN} Nf7 46. g4 Rb3+ 47. Rc3 $1 Rxc3+ (47... Rb4 $14 48. Rc8+ Kh7) 48. Nxc3 {[%emt 0:00:02] KN-KN} Ne5 49. Nd5 Kf7 50. Nf4 Nc4 51. Kg3 Nd6 52. Kf3 Nc4 53. Ke4 (53. Ne6 $16) 53... Ne5 $11 54. g5 {[%emt 0:00:27] And now Nd5 would win.} fxg5 (54... g6 $1 $11 {remains equal.}) 55. hxg5 $16 ({Reject} 55. Kxe5 $6 gxf4 56. Ke4 (56. Kxf4 g6 $11) 56... g6 $11) 55... Nc4 56. g6+ (56. Ng6 $16 {Intending Ne5+ and mate.} Nd6+ 57. Kf4) 56... Kf6 $11 {[%emt 0:05:09] The position is equal.} 57. Nh5+ Kg5 58. Nxg7 {[%emt 0:00:02] Threatens to win with Ne8.} Nd6+ 59. Ke5 Nxf5 $1 {[%emt 0:00:04][%mdl 64] [#] Remove Defender} 60. Nxf5 {[%emt 0:00:05] g7 would kill now.} Kxg6 {[%emt 0:00:04] Weighted Error Value: White=0.13 (very precise) /Black=0.10 (very precise)} 1/2-1/2

[Event "44th Chess Olympiad Open 2022"]
[Site "Chennai"]
[Date "2022.08.08"]
[Round "10.8"]
[White "Nisipeanu, Liviu-Dieter"]
[Black "Rodshtein, Maxim"]
[Result "1/2-1/2"]
[ECO "E59"]
[WhiteElo "2642"]
[BlackElo "2596"]
[Annotator "TA"]
[PlyCount "58"]
[EventDate "2022.07.29"]
[EventType "team-tourn"]
[EventCountry "IND"]
[SourceTitle "playchess.com"]
[Source "ChessBase"]
[SourceQuality "1"]
[WhiteTeam "Germany"]
[BlackTeam "Israel"]
[WhiteTeamCountry "GER"]
[BlackTeamCountry "ISR"]
[TimeControl "40/5400+30:1800+30"]

1. d4 Nf6 2. c4 e6 3. Nc3 Bb4 4. e3 O-O 5. Bd3 d5 6. a3 Bxc3+ 7. bxc3 dxc4 8. Bxc4 c5 9. Nf3 Qc7 10. Be2 Nc6 11. O-O e5 12. h3 {[%emt 0:12:02] [#] E59: Nimzo-Indian: Rubinstein: Main Line: 7...Nc6 8 a3 Bxc3 9 bxc3 dxc4.} (12. d5 {keeps more tension.} e4 13. dxc6 exf3 14. Bxf3 bxc6 15. Qa4) 12... cxd4 $146 ({Predecessor:} 12... e4 13. Nd2 Bf5 14. a4 Rfe8 15. Ba3 cxd4 16. cxd4 Qd7 17. Re1 Nd5 18. Bc4 Rad8 19. Nf1 Be6 {½-½ (36) Beliavsky,A (2653)-Dizdar,G (2549) Murska Sobota 2007}) 13. cxd4 exd4 14. Nxd4 Nxd4 15. Qxd4 Rd8 16. Qc4 Qxc4 {[%emt 0:10:30] The position is equal.} 17. Bxc4 Ne4 18. Bb2 Nd2 19. Rfc1 Nxc4 (19... Bf5 {is more complex.} 20. Ba2 Rac8 21. Rc3 Ne4) 20. Rxc4 Be6 21. Rc7 b5 22. Bd4 a6 23. Rac1 Bc4 24. Kh2 Rac8 25. Ra7 Ra8 26. Rc7 Rac8 27. Ra7 Ra8 28. Rc7 Rac8 29. Ra7 Ra8 {[%emt 0:00:05] An interesting draw.  Weighted Error Value: White=0.07 (flawless) /Black=0.04 (flawless)} 1/2-1/2

[Event "44th Chess Olympiad Open 2022"]
[Site "Chennai"]
[Date "2022.08.08"]
[Round "10.8"]
[White "Nabaty, Tamir"]
[Black "Bluebaum, Matthias"]
[Result "0-1"]
[ECO "E14"]
[WhiteElo "2631"]
[BlackElo "2673"]
[Annotator "TA"]
[PlyCount "98"]
[EventDate "2022.07.29"]
[EventType "team-tourn"]
[EventCountry "IND"]
[SourceTitle "playchess.com"]
[Source "ChessBase"]
[SourceQuality "1"]
[WhiteTeam "Israel"]
[BlackTeam "Germany"]
[WhiteTeamCountry "ISR"]
[BlackTeamCountry "GER"]
[TimeControl "40/5400+30:1800+30"]

1. d4 Nf6 2. Nf3 d5 3. c4 e6 4. e3 b6 5. a3 Bd6 6. b4 {[%emt 0:00:34] E14: Queen's Indian: Classical Variation (4 e3).} c5 7. cxd5 (7. dxc5 {keeps more tension.} bxc5 8. cxd5 exd5 9. Nc3) 7... exd5 8. bxc5 {[%emt 0:03:26] White has an edge.} bxc5 9. dxc5 Bxc5 {[%emt 0:00:41] [#]} 10. Bb5+ $146 ({Predecessor:} 10. Nc3 O-O 11. Be2 Nc6 12. O-O Rb8 13. Qc2 d4 14. Na4 Bb6 15. Qxc6 dxe3 16. Nxb6 Rxb6 {0-1 (38) Fritsch,E (1603)-Bonamigo,M Nova Odessa 2016}) 10... Bd7 11. Bxd7+ Nbxd7 12. O-O O-O 13. Nbd2 Rb8 14. Ra2 Qb6 15. Bb2 Rfc8 16. Ba1 Qa6 17. Nd4 Bf8 18. Ne2 Bd6 (18... Bxa3 $2 19. Nb1 $18) 19. Nf3 Qc4 20. Nc3 Ne5 {[%emt 0:06:05] White must now prevent ...Nxf3+.} 21. Nd4 Bc5 22. Rd2 Bxa3 23. Nf5 {[%emt 0:06:14] Threatens to win with Nb1.} (23. Ncb5 $5 Bc5 24. Nf5 Rxb5 25. Bxe5 $11) 23... Ng6 $2 {[%emt 0:06:55] [#]} ({Don't take} 23... Bb4 24. Rd4 Qa6 25. Nxd5 Nxd5 26. Rxd5 $16) (23... Bf8 $11 {and Black is okay.}) 24. Nxg7 $1 $18 Kxg7 (24... Qb3 $142) (24... Qb4 25. Rd4) 25. Nxd5 Be7 26. Nxe7 (26. f4 $1 $18 Rb5 27. f5) 26... Nxe7 $16 27. Rd6 Neg8 {[%emt 0:00:42] [#]} 28. Qf3 $1 {[%emt 0:01:17][%cal Ra1f6][%mdl 1024] White has strong compensation.} Qh4 29. Rd4 Qh6 {[%emt 0:00:01] [#]} (29... Qg5 $2 30. Rg4 Qxg4 31. Qxg4+ Kf8 32. Qa4 $18) 30. Qg3+ ({White has to play} 30. Rf4 $1 $16) 30... Kf8 $1 $15 31. Qd6+ Kg7 (31... Ne7 $11) 32. Rg4+ $14 Kh8 33. Rd1 Rb6 34. Qd7 (34. Qd5 $5) 34... Qf8 {[%emt 0:00:32][%cal Ob6d6] Hoping for ...Rd6!} 35. h4 Rcc6 {[%emt 0:00:59] aiming for ...Rd6.} 36. Qf5 $2 (36. Bd4 $11 {and White has nothing to worry.}) 36... Nh6 $1 $19 37. Qg5 (37. Bxf6+ {only move.} Rxf6 38. Qc5) 37... Nhxg4 38. Qxg4 Rd6 {[%emt 0:00:33] And now ...Rxd1+ would win.} 39. Bd4 Rbc6 40. Qf4 Kg8 41. Rb1 h6 {[%emt 0:06:03] Against Qg5+} 42. Be5 Re6 43. Bd4 a5 ({Don't go for} 43... Re4 $2 44. Qf5 Ree6 45. Bxa7 $19) 44. h5 Nxh5 45. Qf5 Ng7 46. Qxa5 Qc8 47. f4 Rg6 {[%emt 0:02:34] ( -> ...Rc2)} 48. f5 Nxf5 49. Qe5 Nxd4 {[%emt 0:00:09] What a bad dream for White.  Weighted Error Value: White=0.54/Black=0.16 (very precise)} 0-1

[Event "44th Chess Olympiad Open 2022"]
[Site "Chennai"]
[Date "2022.08.08"]
[Round "10.8"]
[White "Postny, Evgeny"]
[Black "Kollars, Dmitrij"]
[Result "1/2-1/2"]
[ECO "D00"]
[WhiteElo "2564"]
[BlackElo "2648"]
[Annotator "TA"]
[PlyCount "77"]
[EventDate "2022.07.29"]
[EventType "team-tourn"]
[EventCountry "IND"]
[SourceTitle "playchess.com"]
[Source "ChessBase"]
[SourceQuality "1"]
[WhiteTeam "Israel"]
[BlackTeam "Germany"]
[WhiteTeamCountry "ISR"]
[BlackTeamCountry "GER"]
[TimeControl "40/5400+30:1800+30"]

1. d4 Nf6 2. Bg5 d5 3. e3 c5 4. Bxf6 gxf6 5. dxc5 e6 6. c4 {[%emt 0:00:37] D00: 1 d4 d5: Unusual lines.} dxc4 7. Nd2 c3 8. bxc3 {[%emt 0:00:10] The position is equal.} Nd7 9. c6 bxc6 10. Ngf3 f5 11. Be2 Bg7 12. Qc2 O-O 13. O-O {[%emt 0:00:41] [#]} c5 $146 ({Predecessor:} 13... Bb7 14. Nc4 Qc7 15. Nfd2 Rfd8 16. Rab1 c5 17. Rxb7 Qxb7 18. Bf3 Qc7 19. Bxa8 Rxa8 {1-0 (37) Postny,E (2557)-Dragnev,V (2535) Warsaw 2021}) 14. e4 Qf6 15. exf5 exf5 16. Rab1 Re8 17. Bd3 Nf8 18. Nc4 Be6 19. Nd6 Red8 20. Nb7 {[%emt 0:00:09] Pair of Knights!} Rdc8 21. Nd6 Rd8 22. Nb7 c4 23. Be2 ({Of course not} 23. Nxd8 cxd3 24. Qxd3 Rxd8 $17) 23... Rdc8 {[%emt 0:00:27] Strongly threatening ...Bd5.} 24. Nd4 Bd7 25. Bf3 Rab8 26. Na5 Rb6 27. Qe2 Ne6 {[%emt 0:02:11] [#] And now ...Rxb1 would win.} 28. Nxc4 Nxd4 (28... Rxb1 {is more complex.} 29. Rxb1 Nxd4 30. cxd4 Qa6) 29. cxd4 Rxb1 30. Rxb1 Qxd4 31. Rd1 Qxc4 32. Qxc4 Rxc4 33. Rxd7 $11 {[%emt 0:00:02][%mdl 4096] Endgame KRB-KRB} Bd4 {[%emt 0:01:55] [#] ( -> ...Rc1+)} 34. g3 {[%emt 0:03:19] White is slightly better.} Bb6 35. Bd5 Rc7 36. Bxf7+ $1 Kg7 37. Be6+ Kf6 38. Rxc7 Bxc7 39. Bb3 {[%emt 0:00:06] Weighted Error Value: White=0.01 (flawless) /Black=0.03 (flawless)} 1/2-1/2